 Dungeon Crawl Stone Soup version 0.30-a0-43-gbbf338a72c (webtiles) character file.

Game seed: 14459775613881389323

58 QueenGhuleh the Trooper (level 3, 0/51 HPs)
             Began as a Minotaur Berserker on Aug 31, 2022.
             Was a Follower of Trog.
             Killed from afar by an orc wizard (6 damage)
             ... with a puff of flame
             ... on level 3 of the Dungeon.
             The game lasted 00:03:00 (1881 turns).

QueenGhuleh the Trooper (Minotaur Berserker)        Turns: 1881, Time: 00:03:00

Health: 0/51       AC:  5    Str: 23    XL:     3   Next: 75%
Magic:  2/2        EV: 11    Int:  4    God:    Trog [*.....]
Gold:   142        SH:  0    Dex:  9    Spells: 2/2 levels left

rFire   + . .      SeeInvis .    l - +1 flail (protect)
rCold   . . .      Faith    .    (no shield)
rNeg    . . .      Spirit   .    j - +0 ring mail
rPois   .          Reflect  .    (helmet restricted)
rElec   .          Harm     .    (no cloak)
rCorr   .          Rampage  .    (no gloves)
Will    .....                    (no boots)
Stlth   ..........               (no amulet)
HPRegen 0.17/turn                i - ring of protection from fire
MPRegen 0.08/turn                (no ring)

@: berserking, very quick
A: horns 2, retaliatory headbutt
a: Renounce Religion, Berserk


You were on level 3 of the Dungeon.
You worshipped Trog.
Trog was aware of your devotion.
You visited 1 branch of the dungeon, and saw 3 of its levels.

You collected 142 gold pieces.

Inventory:

Hand Weapons
 l - a +1 flail of protection (weapon)
 q - a +3 quarterstaff of chaos
Armour
 j - a +0 ring mail (worn)
Jewellery
 f - an amulet of reflection
 i - a ring of protection from fire (left hand)
Scrolls
 a - a scroll of enchant weapon {unknown}
 b - a scroll of summoning {unknown}
 c - a scroll of immolation {unknown}
 g - a scroll of vulnerability {unknown}
 h - a scroll of teleportation {unknown}
 k - 2 scrolls of identify {unknown}
 m - a scroll of brand weapon {unknown}
 o - a scroll of butterflies {unknown}
 p - a scroll of fear {unknown}
Potions
 d - 3 potions of curing {unknown}
 e - a potion of attraction {unknown}
 n - a potion of lignification {unknown}


   Skills:
 + Level 4.5 Fighting
 + Level 4.2 Axes
 + Level 0.7(2.7) Maces & Flails
 + Level 2.9 Armour
 + Level 2.6 Dodging
 + Level 0.3 Stealth


You had 2 spell levels left.
You didn't know any spells.
Your spell library was empty.

Dungeon Overview and Level Annotations

Branches:
Dungeon (3/15)

Altars:

Shops:
D:1 :


Innate Abilities, Weirdness & Mutations

You have a pair of horns on your head.
You reflexively headbutt those who attack you in melee.


Message History

You barely miss the orc. You headbutt the orc.
You kill the orc!
Trog accepts your kill.
You hit the orc wizard.
Your weapon exudes an aura of protection.
The orc wizard is heavily wounded.
You recover from your berserk rage.
The orc wizard casts a spell at you. The magic dart hits you.
The orc hits you with a +0 hand axe.
You barely miss the orc wizard.
The orc wizard is heavily wounded.
The orc wizard barely misses you. The orc hits you but does no damage.
The orc wizard closely misses you.
You miss the orc wizard.
The orc wizard is heavily wounded.
The orc wizard hits you with a +0 dagger.
The orc hits you with a +0 hand axe. The orc wizard barely misses you.
The orc hits you with a +0 hand axe.
The orc wizard hits you with a +0 dagger.
The orc wizard hits you but does no damage.
A red film seems to cover your vision as you go berserk!
You feel yourself moving faster!
You feel mighty!
The orc wizard gestures at you while chanting.
The magic dart hits you!
* * * LOW HITPOINT WARNING * * *
The orc hits you with a +0 hand axe.
* * * LOW HITPOINT WARNING * * *
The orc wizard barely misses you.
You are too injured to fight recklessly!
You are too injured to fight recklessly!
You are too injured to fight recklessly!
You are too injured to fight recklessly!
You are too injured to fight recklessly!
You closely miss the orc wizard.
The orc wizard is heavily wounded.
The orc hits you with a +0 hand axe.
* * * LOW HITPOINT WARNING * * *
The orc wizard casts a spell at you. The puff of flame hits you. You resist.
You die...

# #.######
#.#....#
##.#......#
....$!o...#
#.....@..#
#####oo..#
....###
#.#...
#.#### . .
##


You could see 2 orc wizards and an orc.

Vanquished Creatures
  Crazy Yiuf (D:2)
  An orc (D:3)
  4 bats
  4 endoplasms
  5 giant cockroaches
  2 goblins (D:2)
  3 hobgoblins
  2 kobolds (D:1)
  A ball python (D:1)
  A rat (D:1)
24 creatures vanquished.

Notes
Turn   | Place    | Note
-------+----------+-------------------------------------------
     0 | D:1      | QueenGhuleh the Minotaur Berserker began the quest for the
                  | Orb.
     0 | D:1      | Reached XP level 1. HP: 19/19 MP: 0/0
   259 | D:1      | Found a faded altar of an unknown god.
   404 | D:1      | Reached XP level 2. HP: 24/27 MP: 1/1
   643 | D:1      | Found Emmoibb's Book Shop.
  1272 | D:2      | Found a runed translucent door.
  1273 | D:2      | Noticed Crazy Yiuf
  1848 | D:2      | Killed Crazy Yiuf
  1849 | D:2      | Reached XP level 3. HP: 34/34 MP: 2/2
  1881 | D:3      | Killed from afar by an orc wizard

Illustrated notes

Levels and vault maps discovered:
D:1:      lightli_arrival_noodles, layout_loops_corners, serial_shops, shop,
          hellmonk_ecumenical_altar_heavens_door, minmay_misc_feat_chi,
          roderic_roman_lattice, serial_bayou_crossing
D:2:      layout_loops_ring, uniq_crazy_yiuf_cottage
D:3:      layout_basic, serial_park_tiny_1, uniq_grinder

Skill      XL: |  1  2 |
---------------+-------+-----
Fighting       | 4 |  4.5
Axes           | 4 |  4.2
Maces & Flails | |  0.7
Armour         | |  2.9
Dodging        | |  2.6
Stealth        | |  0.3

Action                   || total
-------------------------++-------
Melee: Hand axe          ||    28
       Headbutt          ||     3
       Flail             ||    25
       Punch             ||     1
Invok: Berserk           ||     2
 Stab: Sleeping          ||     1
Armor: Animal skin       ||     7
       Ring mail         ||    14
Dodge: Dodged            ||    35

Table legend: (Time is in decaauts)
 A = Elapsed time spent in this place.
 B = Non-inter-level travel time spent in this place.
 C = Inter-level travel time spent in this place.
 D = Time resting spent in this place.
 E = Time spent auto-exploring this place.
 F = Levels seen in this place.
 G = Mean time per level.
                   A        B        C        D        E       F      G
               +--------+--------+--------+--------+--------+-----+--------+
         Total |   1909 |   1845 |     64 |      0 |   1606 |   3 |  636.3 |
       Dungeon |   1909 |   1845 |     64 |      0 |   1606 |   3 |  636.3 |
               +--------+--------+--------+--------+--------+-----+--------+

Top non-repeatable levels by time:
     D:1: 1065 daAuts
     D:2: 837 daAuts
     D:3: 6 daAuts
